Map: Dusk Towers

Players

Solar - Winner!

  • Race: Zerg Zerg
  • League: Master

Reality

  • Race: Terran Terran
  • League: Master

Event: Team Gravity's Tournament of Champions #5

VOD

Have the link to the VOD?

Description

Time

  • Played on: Nov. 15, 2015, 9:23 p.m.
  • Length: 14:40

All games in this series

Show
View Real Time Build Order
Export as new Build Order

Solar Zerg - Winner!

Build Orders: Hatch First 

Get SALT Encoding   

  12  0:00  Drone  
  13  0:12  Overlord  
  13  0:17  Drone  
  14  0:30  Drone  
  14  0:31  Drone  
  14  0:34  Drone  
  17  0:52  Hatchery  
  17  0:54  Drone  
  17  0:57  Drone  
  18  1:07  Drone, Extractor  
  18  1:15  Spawning Pool  
  17  1:18  Drone  
  18  1:29  Drone  
  19  1:41  Overlord  
  19  2:01  Drone  
  20  2:02  Queen, Zergling x2  
  20  2:03  Queen  
  20  2:04  Drone  
  26  2:08  Metabolic Boost  
  26  2:11  Drone  
  27  2:17  Drone  
  27  2:22  Drone  
  29  2:26  Drone  
  30  2:32  Overlord  
  31  2:37  Drone  
  31  2:38  Queen  
  33  2:44  Drone  
  33  2:50  Hatchery  
  33  2:52  Drone  
  33  2:54  Drone  
  35  2:59  Drone  
  36  3:06  Drone  
  36  3:12  Overlord  
  37  3:13  Drone x5  
  37  3:15  Drone  
  43  3:20  Drone  
  44  3:27  Overlord  
  44  3:33  Drone  
  45  3:36  Drone  
  46  3:43  Drone x6  
  46  3:45  Queen  
  46  3:46  Overlord  
  54  3:49  Roach Warren  
  54  3:52  Drone  
  54  3:55  Drone  
  54  3:57  Evolution Chamber  
  54  4:00  Evolution Chamber  
  54  4:01  Queen, Extractor  
  54  4:04  Drone x3  
  57  4:10  Drone  
  57  4:12  Overlord  
  57  4:13  Zergling x6  
  57  4:14  Zergling x2  
  62  4:18  Drone x3  
  62  4:22  Drone  
  66  4:28  Zergling x2  
  66  4:30  Zergling x2  
  67  4:37  Zergling x6  
  64  4:50  Drone x2  
  64  4:52  Drone x7  
  70  4:55  Drone x3  
  70  4:59  Spore Crawler  
  72  5:00  Lair, Zerg Ground Armor Level 1  
  72  5:01  Zerg Melee Weapons Level 1  
  72  5:03  Spore Crawler  
  72  5:05  Drone x2  
  72  5:06  Spore Crawler  
  73  5:08  Drone x2, Spore Crawler  
  73  5:12  Zergling x2  
  73  5:16  Drone  
  73  5:18  Zergling x2  
  75  5:21  Extractor  
  75  5:22  Extractor  
  75  5:23  Drone  
  75  5:25  Overlord  
  75  5:26  Drone x2  
  76  5:29  Drone x4  
  76  5:30  Drone  
  81  5:37  Hatchery  
  81  5:38  Drone x2  
  81  5:39  Overlord x2  
  81  5:42  Overlord  
  82  5:45  Baneling Nest, Drone  
  82  5:48  Extractor  
  82  5:49  Drone  
  82  5:55  Overlord  
  82  5:56  Overlord  
  82  5:59  Drone  
  82  6:00  Drone x2  
  82  6:01  Drone  
  82  6:02  Spire  
  85  6:06  Drone  
  86  6:11  Zergling x8  
  86  6:12  Zergling x4  
  92  6:19  Zergling x6  
  92  6:20  Hatchery  
  94  6:27  Overlord  
  94  6:28  Centrifical Hooks  
  94  6:29  Overseer  
  94  6:33  Baneling x6  
  94  6:34  Baneling x2  
  94  6:35  Zergling x2  
  94  6:36  Zergling x14  
  102  6:46  Zergling x6  
  105  6:49  Pneumatized Carapace  
  105  6:51  Overlord  
  105  6:57  Zergling x12  
  111  7:02  Zergling x8  
  111  7:04  Overlord  
  115  7:09  Overlord  
  115  7:11  Zergling x8  
  117  7:17  Zergling x4  
  117  7:22  Zerg Ground Armor Level 2, Zerg Melee Weapons Level 2  
  117  7:25  Zergling x4  
  117  7:26  Zergling x8  
  117  7:27  Drone  
  124  7:32  Overlord  
  124  7:33  Drone  
  124  7:36  Drone x4  
  129  7:37  Corruptor, Infestation Pit, Extractor  
  129  7:38  Corruptor  
  131  7:46  Baneling x2  
  131  7:47  Corruptor x2  
  131  7:48  Corruptor  
  131  7:49  Queen  
  131  7:50  Drone  
  131  7:51  Drone x2  
  141  7:52  Drone  
  141  7:54  Baneling  
  141  7:55  Baneling  
  141  7:57  Overlord x2  
  143  7:59  Drone x2  
  143  8:02  Corruptor  
  147  8:10  Zergling x2  
  147  8:11  Zergling x14  
  150  8:17  Hive  
  150  8:20  Extractor  
  150  8:23  Zergling x2  
  150  8:24  Zergling x14  
  157  8:27  Zergling x2  
  157  8:28  Zergling x4  
  157  8:31  Drone  
  157  8:33  Drone  
  162  8:35  Corruptor  
  162  8:37  Zerg Flyer Armor Level 1  
  162  8:38  Overlord x2  
  164  8:47  Zergling x6  
  163  8:51  Zergling x4  
  163  8:55  Overlord  
  165  8:57  Zergling x18  
  165  8:58  Baneling x2  
  165  8:59  Baneling x14  
  174  9:05  Zergling x14  
  174  9:09  Overlord  
  181  9:17  Baneling x15  
  181  9:24  Zergling x22  
  179  9:25  Zergling x2  
  179  9:27  Baneling x3  
  179  9:28  Baneling x4  
  189  9:32  Overseer x2  
  189  9:41  Corruptor x2  
  189  9:45  Hatchery  
  187  9:53  Zergling x20  
  187  9:54  Ultralisk Cavern, Zergling x2  
  187  9:58  Overlord  
  187  9:59  Baneling  
  193  10:00  Baneling x4  
  164  10:14  Queen  
  150  10:15  Zergling x16  
  150  10:16  Zergling x14  
  166  10:32  Hatchery, Drone  
  166  10:41  Chitinous Plating  
  166  10:42  Ultralisk x3  
  181  11:00  Zerg Ground Armor Level 3, Ultralisk, Zergling x2  
  181  11:01  Zergling x14  
  193  11:10  Drone  
  193  11:11  Drone x2  
  182  11:17  Baneling x2  
  182  11:18  Baneling x9  
  182  11:19  Queen  
  184  11:27  Ultralisk  
  184  11:32  Zergling x14  
  197  11:33  Zergling x2  
  197  11:39  Baneling  
  198  11:40  Baneling x7  
  198  11:46  Baneling  
  198  11:47  Baneling x4  
  196  11:52  Overlord  
  196  11:55  Zergling x8  
  174  12:02  Ultralisk, Zergling x2  
  174  12:03  Zergling x20  
  191  12:10  Baneling x2  
  191  12:11  Baneling  
  191  12:12  Baneling  
  191  12:15  Zergling x2  
  191  12:16  Zergling x14  
  197  12:30  Queen  
  197  12:33  Drone x3  
  192  12:43  Drone x3  
  188  12:48  Ultralisk, Zergling x10  
  188  12:49  Zergling x8  
  188  12:50  Spine Crawler  
  199  12:51  Spine Crawler  
  196  12:59  Baneling x5  
  196  13:00  Overlord, Baneling x2  
  164  13:22  Ultralisk x3, Zergling x2  
  164  13:23  Zergling x20  
  164  13:26  Zergling x4  
  185  13:29  Zergling x2  
  185  13:30  Zergling x6  
  181  13:38  Overseer x4  
  161  13:45  Ultralisk, Zergling x2  
  161  13:46  Zergling x8  
  172  13:53  Baneling x14  
  172  13:54  Baneling x2  
  171  13:56  Baneling x2  
  171  13:57  Baneling x2  
  171  13:58  Baneling  
  171  14:10  Zergling x6  
  171  14:14  Hatchery  
  171  14:16  Zergling x2  
  178  14:17  Zergling x14  
  178  14:23  Zergling x12  
Show
View Real Time Build Order
Export as new Build Order

Reality Terran 

Build Orders: Command Center First (CC), Bio Mine, Hellion Banshee 

Get SALT Encoding   

  12  0:00  SCV  
  13  0:12  SCV  
  14  0:16  Supply Depot  
  14  0:24  SCV  
  15  0:38  SCV  
  16  0:50  SCV  
  17  0:59  Command Center  
  17  1:02  SCV  
  18  1:12  Barracks  
  18  1:15  SCV  
  19  1:22  Refinery  
  19  1:28  SCV  
  20  1:40  SCV  
  21  1:52  SCV  
  22  1:59  Marine  
  23  2:04  Orbital Command  
  23  2:11  Orbital Command  
  23  2:17  Marine  
  24  2:23  Factory  
  24  2:29  SCV  
  25  2:37  SCV  
  25  2:42  Command Center, Barracks Reactor  
  25  2:43  SCV  
  27  2:49  SCV  
  27  2:50  Refinery  
  28  2:56  SCV  
  29  3:02  SCV  
  30  3:06  Supply Depot  
  30  3:08  SCV  
  31  3:14  SCV  
  31  3:17  Starport  
  32  3:20  SCV  
  32  3:23  Hellion  
  32  3:24  Hellion  
  32  3:26  SCV  
  38  3:27  Barracks Tech Lab  
  38  3:32  SCV  
  38  3:33  Supply Depot  
  39  3:38  SCV  
  40  3:44  SCV  
  40  3:45  Hellion x2  
  45  3:50  SCV  
  45  3:54  Orbital Command  
  48  3:56  SCV  
  48  3:57  Barracks Tech Lab  
  48  4:01  Supply Depot, Refinery  
  48  4:02  Banshee, Refinery, SCV  
  51  4:06  Hellion  
  51  4:09  Hellion  
  55  4:10  SCV  
  55  4:14  SCV  
  57  4:22  SCV x2  
  59  4:26  SCV  
  59  4:27  Stimpack  
  60  4:34  SCV  
  61  4:38  SCV  
  61  4:40  Hellion x2  
  64  4:47  SCV  
  64  4:50  SCV x2  
  63  4:53  Viking  
  63  4:54  Engineering Bay, Marine  
  63  4:57  Engineering Bay  
  63  4:59  SCV  
  65  5:02  Orbital Command  
  65  5:03  SCV  
  67  5:10  Factory Reactor, Barracks x2  
  67  5:11  SCV  
  67  5:15  SCV, Marine  
  67  5:18  Barracks x2  
  69  5:23  Terran Infantry Weapons Level 1, SCV  
  69  5:24  Terran Infantry Armor Level 1  
  69  5:26  Supply Depot  
  69  5:27  SCV  
  71  5:28  Supply Depot  
  71  5:32  SCV  
  71  5:35  SCV  
  73  5:36  Starport Reactor  
  73  5:39  SCV  
  73  5:42  Marine  
  74  5:44  SCV  
  74  5:46  Supply Depot  
  74  5:47  SCV  
  74  5:49  Refinery  
  77  5:53  SCV  
  77  5:55  Supply Depot x2  
  77  5:56  SCV  
  79  5:59  SCV  
  80  6:05  Armory, Factory Reactor, Barracks Reactor  
  80  6:06  Barracks Reactor  
  80  6:07  SCV, Marine x4  
  80  6:08  SCV  
  80  6:09  Marine  
  87  6:11  SCV  
  87  6:13  Medivac  
  87  6:15  Medivac  
  92  6:20  SCV x2  
  92  6:23  SCV  
  92  6:25  Marine x4  
  97  6:27  Supply Depot, Factory, Marine  
  97  6:29  Combat Shields  
  100  6:33  Supply Depot  
  100  6:35  Missile Turret  
  100  6:43  Marine x4  
  100  6:44  Marine  
  100  6:45  Supply Depot  
  105  6:47  Widow Mine x2, Medivac x2  
  113  6:54  Supply Depot  
  113  6:58  Marine x4  
  113  7:00  Marine x2  
  113  7:01  Marine x2  
  120  7:03  Marauder  
  122  7:16  Marine x4  
  122  7:18  Marine x3  
  122  7:19  Widow Mine x2  
  122  7:21  Factory Tech Lab  
  122  7:22  Terran Infantry Weapons Level 2, Terran Infantry Armor Level 2  
  126  7:24  Marauder  
  127  7:30  Barracks  
  127  7:32  Barracks x2  
  127  7:35  Supply Depot  
  127  7:36  Supply Depot  
  127  7:37  Marine x2  
  127  7:38  Marine x6  
  127  7:43  Thor  
  141  7:46  Drilling Claws, Marauder  
  141  7:49  Concussive Shells  
  141  7:50  Terran Vehicle And Ship Armor Level 1  
  143  8:00  Widow Mine  
  143  8:01  Medivac, Widow Mine  
  143  8:02  Medivac  
  143  8:04  Supply Depot  
  143  8:05  Marine  
  152  8:07  Marauder  
  152  8:14  Marine x4  
  152  8:15  Marine x3  
  158  8:21  Barracks Tech Lab x2  
  158  8:23  Marauder  
  158  8:25  Supply Depot  
  158  8:26  Marine  
  159  8:28  Marauder, Widow Mine  
  159  8:29  Widow Mine x2  
  159  8:31  Marine  
  159  8:32  Marine x5  
  173  8:36  Supply Depot  
  173  8:37  Supply Depot  
  173  8:44  Medivac x2  
  173  8:46  Marine  
  173  8:50  Marauder x2  
  173  8:51  Marauder  
  173  8:54  Marauder  
  179  8:57  Marine x5, Widow Mine  
  179  8:58  Widow Mine x2, Marine x2  
  192  9:05  Refinery  
  192  9:11  Command Center  
  192  9:13  Marauder x2  
  192  9:15  Marauder x2  
  192  9:26  Widow Mine x2  
  196  9:34  Command Center  
  196  9:37  Ghost Academy  
  196  9:45  Widow Mine  
  196  10:03  Medivac x2  
  196  10:05  Widow Mine x2  
  173  10:08  Marauder x3  
  173  10:09  Marine x2  
  173  10:11  Marine x4  
  157  10:14  Marine  
  157  10:17  Widow Mine  
  160  10:23  Planetary Fortress, Terran Infantry Weapons Level 3, Terran Infantry Armor Level 3  
  160  10:27  Refinery  
  160  10:33  Medivac x2  
  160  10:34  Widow Mine x2  
  158  10:37  Ghost x4  
  158  10:41  Marine x2  
  158  10:42  Marine  
  165  10:43  Marine x4  
  165  10:44  Marine  
  165  10:48  Personal Cloaking, Orbital Command  
  164  10:50  Barracks  
  164  10:54  Sensor Tower  
  158  11:13  Ghost x4  
  162  11:21  Widow Mine  
  162  11:22  Widow Mine x2  
  162  11:24  Marine x3, Medivac  
  162  11:25  Marine x4  
  176  11:26  Marine  
  178  11:36  Terran Vehicle And Ship Armor Level 2  
  178  11:38  Missile Turret  
  178  11:40  Command Center  
  178  11:46  Ghost  
  178  11:47  Ghost  
  178  11:52  Ghost  
  164  12:03  Ghost  
  164  12:08  Marine x4  
  170  12:16  Marauder  
  170  12:17  Marauder  
  170  12:20  Marine x2  
  176  12:23  Widow Mine  
  176  12:24  Widow Mine x2  
  182  12:30  Barracks Tech Lab  
  182  12:33  Ghost x2  
  186  12:37  Ghost  
  186  12:38  Marine x2  
  186  12:39  Marine  
  176  12:52  Widow Mine x2  
  176  12:55  Ghost  
  181  13:09  Command Center  
  161  13:25  Marauder x4  
  94  13:35  Marine x4  
  94  13:36  Marine x2  
  93  13:41  Marine  
  93  13:42  Marine  
  95  13:49  Marauder  
  97  14:03  Orbital Command  

Tags
 
Add a new tag
Caveats
  • Supply blocks, unpowered buildings, or Contaminate may cause inaccurate times.
  • Supply counts are checked every 10 seconds.